 Dungeon Crawl Stone Soup version 0.30-a0-6-g7c9e10e132 (webtiles) character file.

Game seed: 3885359451530255936

22854 Zeldest the Thaumaturge (level 13, -2/97 HPs)
             Began as a Djinni Fire Elementalist on Aug 22, 2022.
             Was a Priest of Makhleb.
             Slain by a komodo dragon (33 damage)
             ... on level 1 of the Lair of Beasts.
             The game lasted 00:29:51 (15081 turns).

Zeldest the Thaumaturge (Djinni Fire Elementalist) Turns: 15081, Time: 00:29:52

Health: -2/97      AC:  3    Str:  7    XL:     13   Next: 30%
Gold:   633        EV: 12    Int: 23    God:    Makhleb [***...] SH:  6 Dex: 13

rFire   + + .      SeeInvis +    E - +8 short sword "Eschos" {venom, rN+}
rCold   . . .      Faith    .    a - +0 buckler
rNeg    + . .      Spirit   .    G - +0 robe {rC+}
rPois   ∞          Reflect  .    (no helmet)
rElec   .          Harm     .    (no cloak)
rCorr   .          Rampage  .    z - +0 pair of gloves
Will    +....                    (boots unavailable)
Stlth   ++........               (no amulet)
HPRegen 0.26/turn                D - ring of see invisible
MPRegen 0.00/turn                m - ring of wizardry

@: flying, studying 2 skills
A: sickness immunity, fire resistance 2, cold vulnerability 1, float, innate
caster, HP casting, extra vitality 1
a: Renounce Religion, Minor Destruction, Lesser Servant of Makhleb


You were on level 1 of the Lair of Beasts.
You worshipped Makhleb.
Makhleb was most pleased with you.
You visited 3 branches of the dungeon, and saw 12 of its levels.
You also visited: Bailey.

You collected 633 gold pieces.

Inventory:

Hand Weapons
 E - the +8 short sword "Eschos" (weapon) {venom, rN+}
   (You found it on level 8 of the Dungeon)

   It poisons the flesh of those it strikes.
   rN:        It protects you from negative energy.
 H - a +0 scimitar of flaming
Armour
 a - a +0 buckler (worn)
 w - +0 acid dragon scales
 z - a +0 pair of gloves (worn)
 G - a +0 robe of cold resistance (worn)
Jewellery
 m - a ring of wizardry (right hand)
 v - a ring of positive energy
 x - a +4 ring of evasion
 A - a ring of positive energy
 D - a ring of see invisible (left hand)
 I - a ring of ice
 K - a +6 ring of intelligence
Wands
 h - a wand of flame (16)
 j - a wand of paralysis (6)
 n - a wand of polymorph (21)
 B - a wand of roots (7)
 J - a wand of mindburst (6)
Scrolls
 b - 4 scrolls of immolation
 c - 4 scrolls of vulnerability
 d - a scroll of silence
 e - a scroll of acquirement
 f - 4 scrolls of poison
 g - 4 scrolls of torment
 i - 4 scrolls of teleportation
 p - a scroll of butterflies
 y - a scroll of enchant weapon
 C - a scroll of magic mapping
 F - a scroll of fear
Potions
 k - a potion of attraction {unknown}
 l - a potion of berserk rage
 o - 2 potions of haste
 q - 4 potions of curing
 r - 2 potions of ambrosia
 s - 3 potions of brilliance
 t - a potion of invisibility
 u - 2 potions of mutation


   Skills:
 + Level 10.7 Fighting
 - Level 2.2 Dodging
 - Level 1.6 Stealth
 + Level 8.3 Shields
 * Level 13.8 Spellcasting


You had 7 spell levels left.
You knew the following spells:

 Your Spells              Type           Power      Damage    Failure   Level
a - Foxfire               Conj/Fire      100%       2x1d9     0%          1
b - Scorch                Fire           100%       2d10      1%          2
c - Conjure Flame         Conj/Fire      68%        6-21      1%          3
d - Inner Flame           Hex/Fire       68%        N/A       1%          3
e - Flame Wave            Conj/Fire      68%        2d15      1%          4
f - Necrotise             Necr           100%       1d9       0%          1
g - Ensorcelled Hibernat  Hex/Ice        100%       N/A       1%          2
h - Call Canine Familiar  Summ           68%        N/A       1%          3
i - Confusing Touch       Hex            68%        N/A       1%          3
j - Lee's Rapid Deconstr  Erth           34%        3d18*     1%          5
k - Iskenderun's Battles  Conj           68%        2d12      1%          5
Your spell library was empty.

Dungeon Overview and Level Annotations

Branches:
Dungeon (10/15)            Temple (1/1) D:6            Lair (1/5) D:9
 Bailey (visited)
    Orc: D:9-12

Altars:
Dithmenos
Fedhas
Hepliaklqana
Makhleb
Okawaru
Qazlal
Ru
Trog
Uskayaw
Wu Jian
Xom
Zin
The Shining One


Innate Abilities, Weirdness & Mutations

You are immune to sickness and miasma.
You are immune to poison.
Your flesh is very heat resistant. (rF++)
You are vulnerable to cold. (rC-)
You float through the air rather than walking.
You learn spells naturally, not from books.
Your magical power is your life essence.
You have superior vitality. (+4 MHP)


Message History

The komodo dragon is moderately wounded.
Casting: Foxfire (safe; 0% risk of failure)
Confirm with . or Enter, or press ? or * to list all spells.
You conjure some foxfire!
The foxfire hits the komodo dragon but does no damage.
The komodo dragon is moderately wounded.
The foxfire hits the komodo dragon but does no damage.
The komodo dragon is moderately wounded.
The komodo dragon bites you!!
Casting: Foxfire (safe; 0% risk of failure)
Confirm with . or Enter, or press ? or * to list all spells.
You conjure some foxfire!
The foxfire hits the komodo dragon!
The komodo dragon is heavily wounded.
The foxfire hits the komodo dragon.
The komodo dragon is heavily wounded.
Your battlesphere fires!
The barrage of energy hits the komodo dragon.
The komodo dragon is severely wounded.
The komodo dragon barely misses you.
Casting: Foxfire (safe; 0% risk of failure)
Confirm with . or Enter, or press ? or * to list all spells.
Flames lash the komodo dragon.
The komodo dragon is severely wounded.
The komodo dragon's fire resistance burns away.
The foxfire hits the komodo dragon but does no damage.
The komodo dragon is severely wounded.
The foxfire hits the komodo dragon.
The komodo dragon is severely wounded.
The komodo dragon bites you!!
Casting: Scorch (safe; 1% risk of failure)
Confirm with . or Enter, or press ? or * to list all spells.
Flames lash the komodo dragon.
The komodo dragon is burned terribly!
The komodo dragon is severely wounded.
The komodo dragon closely misses you.
Casting: Scorch (safe; 1% risk of failure)
Confirm with . or Enter, or press ? or * to list all spells.
Flames lash the komodo dragon.
The komodo dragon is burned terribly!
The komodo dragon is almost dead.
The komodo dragon bites you!!
You die...

..#..... ........ #
... .# ..#......
#.#P.##.#
..#......##.#P.PP.#
..................#
.>................#
...#..............#
#.#.............l.##
................@..#
*.......###.#.###.##
#.......# #*.#
.#......# #.##
.#......# #.#
.#......# #.#
........## #.##
.P.......### #..#
.#......#..######.##


You could see a komodo dragon (combustible, ally target) and a friendly
battlesphere.

Vanquished Creatures
  A hydra (Lair:1)
  A boulder beetle (D:10)
  Erolcha (D:9)
  A centaur warrior (D:10)
  Erica (D:9)
  A two-headed ogre (D:9)
  2 orc knights (Bailey)
  An ugly thing (D:10)
  Joseph (D:8)
  A cane toad (Lair:1)
  A gargoyle (D:10)
  A rime drake (Lair:1)
  A kobold demonologist (D:10)
  Maggie (D:9)
  A troll (D:9)
  A hornet (D:10)
  Grinder (D:5)
  Prince Ribbit (D:9)
  4 slime creatures (D:9)
  Sigmund (D:4)
  A wraith (D:10)
  A shadow (D:10)
  4 wyverns
  9 yaks (D:10)
  Grum (Lair:1)
  3 steam dragons
  A warg (D:9)
  Menkaure (D:7)
  An acid dragon (D:10)
  3 water moccasins
  A black bear (D:6)
  7 orc warriors
  2 ice beasts
  2 sky beasts
  4 centaurs
  4 wolves (Lair:1)
  A phantom (D:4)
  Blork the orc (D:4)
  4 kobold brigands
  6 bullfrogs
  5 scorpions
  3 necrophages
  4 wights (D:8)
  10 killer bees
  2 electric eels (D:10)
  3 howler monkeys
  4 hounds
  3 orc priests (D:9)
  4 jellies
  Ijyb (D:4)
  2 iguanas (D:5)
  14 orc wizards
  Natasha (twice) (D:4)
  6 adders
  3 white imps
  2 ufetubi
  4 worms
  3 dart slugs
  39 orcs
  8 ball pythons
  3 bats
  6 endoplasms
  4 giant cockroaches
  7 goblins
  8 hobgoblins
  6 jackals
  20 kobolds
  2 quokkas
  A frilled lizard (D:1)
  4 rats
264 creatures vanquished.

Vanquished Creatures (collateral kills)
  2 slime creatures (D:9)
  A warg (D:9)
  2 orc warriors
  Natasha (D:4)
  A dart slug (D:4)
7 creatures vanquished.

Vanquished Creatures (others)
  An adder (D:6)
  A white imp (D:6)
  358 foxfires
  4 fungi (Lair:1)
  27 plants
391 creatures vanquished.

Grand Total: 662 creatures vanquished

Notes
Turn   | Place    | Note
-------+----------+-------------------------------------------
     0 | D:1      | Zeldest the Djinni Fire Elementalist began the quest for
                  | the Orb.
     0 | D:1      | Zeldest set off with the following spells memorised:
                  | Foxfire, Scorch, Conjure Flame, Inner Flame, Flame Wave.
     0 | D:1      | Reached XP level 1. HP: 15/15 MP: 0/0
   259 | D:1      | Reached XP level 2. HP: 18/22 MP: 0/0
   778 | D:1      | Reached skill level 1 in Fighting
  1043 | D:2      | Reached XP level 3. HP: 23/27 MP: 0/0
  1043 | D:2      | Learned a level 1 spell: Necrotise
  1112 | D:2      | Reached skill level 3 in Spellcasting
  1478 | D:2      | Reached XP level 4. HP: 22/32 MP: 0/0
  1880 | D:2      | Found a faded altar of an unknown god.
  2121 | D:3      | Reached XP level 5. HP: 15/38 MP: 0/0
  2121 | D:3      | Learned a level 2 spell: Ensorcelled Hibernation
  2133 | D:3      | HP: 1/38 [frozen (4)]
  2577 | D:3      | Reached skill level 4 in Spellcasting
  3504 | D:4      | Noticed Ijyb
  3508 | D:4      | Noticed Sigmund
  3513 | D:4      | Killed Sigmund
  3514 | D:4      | Reached XP level 6. HP: 33/46 MP: 0/0
  3518 | D:4      | Reached XP level 7. HP: 33/50 MP: 0/0
  3518 | D:4      | Learned a level 3 spell: Call Canine Familiar
  3714 | D:4      | Paralysed by Ijyb for 5 turns
  3719 | D:4      | Killed Ijyb
  3720 | D:4      | Reached skill level 5 in Spellcasting
  3924 | D:4      | Noticed Natasha
  3929 | D:4      | Killed Natasha
  3954 | D:4      | Noticed Natasha
  3964 | D:4      | Killed Natasha
  3995 | D:4      | Noticed Natasha
  4000 | D:4      | Killed Natasha
  4203 | D:4      | Noticed Blork the orc
  4216 | D:4      | Killed Blork the orc
  4217 | D:4      | Reached XP level 8. HP: 27/58 MP: 0/0
  4535 | D:4      | Found a hazy altar of Hepliaklqana.
  4614 | D:4      | Found an ornate altar of the Wu Jian Council.
  4932 | D:5      | Entered Level 5 of the Dungeon
  4938 | D:5      | Reached skill level 6 in Spellcasting
  5089 | D:5      | Reached skill level 5 in Fighting
  5739 | D:5      | Noticed Grinder
  5747 | D:5      | Killed Grinder
  5748 | D:5      | Reached XP level 9. HP: 54/66 MP: 0/0
  5748 | D:5      | Learned a level 3 spell: Confusing Touch
  5759 | D:5      | Reached skill level 7 in Spellcasting
  6701 | D:6      | Found a staircase to the Ecumenical Temple.
  6730 | D:6      | Reached skill level 8 in Spellcasting
  6823 | Temple   | Entered the Ecumenical Temple
  6830 | Temple   | Became a worshipper of Makhleb the Destroyer
  7149 | D:6      | Identified a scroll of acquirement
  7574 | D:7      | Found a blossoming altar of Fedhas.
  7592 | D:7      | Found a stormy altar of Qazlal.
  7619 | D:7      | Reached XP level 10. HP: 44/75 MP: 0/0
  7791 | D:7      | Noticed Menkaure
  7796 | D:7      | Killed Menkaure
  7881 | D:7      | Noticed a +0 spear
  7881 | D:7      | Noticed a +0 falchion
  7883 | D:7      | Noticed a +0 short sword
  7908 | D:7      | Reached skill level 9 in Spellcasting
  7938 | D:7      | Found a hide-covered altar of Uskayaw.
  7938 | D:7      | Noticed a +0 spear
  7939 | D:7      | Noticed a +0 dagger
  7940 | D:7      | Noticed a +0 dagger
  7940 | D:7      | Noticed a +0 short sword
  7942 | D:7      | Noticed a +0 falchion
  8199 | D:7      | Found a sacrificial altar of Ru.
  8220 | D:7      | Reached * piety under Makhleb
  8598 | D:8      | Identified the +8 short sword "Eschos" {venom, rN+}
  8670 | D:8      | Noticed Joseph
  8672 | D:8      | HP: 2/77 [Joseph/sling bullet (21)]
  9033 | D:8      | Killed Joseph
  9686 | D:9      | Found a flagged portal.
  9743 | Bailey   | Entered a bailey
 10050 | Bailey   | Reached skill level 1 in Shields
 10359 | Bailey   | Reached ** piety under Makhleb
 10736 | Bailey   | Reached skill level 10 in Spellcasting
 10971 | Bailey   | Noticed an orc knight
 10971 | Bailey   | Noticed an orc knight
 11028 | Bailey   | Killed an orc knight
 11029 | Bailey   | Reached XP level 11. HP: 24/84 MP: 0/0
 11029 | Bailey   | Learned a level 5 spell: Lee's Rapid Deconstruction
 11429 | Bailey   | Killed an orc knight
 11471 | Bailey   | Reached skill level 12 in Spellcasting
 11471 | Bailey   | Reached XP level 12. HP: 80/89 MP: 0/0
 11533 | D:9      | Noticed a two-headed ogre
 11567 | D:9      | Killed a two-headed ogre
 11988 | D:9      | Found a staircase to the Lair.
 12286 | D:9      | Noticed Erica
 12298 | D:9      | Killed Erica
 12302 | D:9      | Reached skill level 5 in Shields
 12848 | D:9      | Noticed Erolcha
 12857 | D:9      | Killed Erolcha
 12858 | D:9      | Reached skill level 13 in Spellcasting
 13033 | D:9      | Noticed Prince Ribbit
 13041 | D:9      | Killed Prince Ribbit
 13070 | D:9      | Noticed Maggie
 13083 | D:9      | Killed Maggie
 13185 | D:10     | Entered Level 10 of the Dungeon
 13191 | D:10     | Reached skill level 10 in Fighting
 13576 | D:10     | Noticed a boulder beetle
 13606 | D:10     | Killed a boulder beetle
 13837 | D:10     | Noticed a two-headed ogre
 13853 | D:10     | Reached *** piety under Makhleb
 13854 | D:10     | Reached XP level 13. HP: 96/96 MP: 0/0
 13854 | D:10     | Learned a level 5 spell: Iskenderun's Battlesphere
 13862 | D:10     | Noticed a centaur warrior
 13871 | D:10     | Killed a centaur warrior
 14403 | D:10     | Found a bloodstained altar of Trog.
 14678 | Lair:1   | Entered Level 1 of the Lair of Beasts
 14774 | Lair:1   | Noticed Grum
 14786 | Lair:1   | Killed Grum
 14977 | Lair:1   | Noticed a six-headed hydra
 14983 | Lair:1   | Killed a six-headed hydra
 15081 | Lair:1   | Slain by a komodo dragon

Illustrated notes

Levels and vault maps discovered:
D:1:      saegor_arrival_simple_d, layout_basic, st_stairs_7,
          minmay_pentomino_z2
D:2:      layout_basic, hellmonk_ecumenical_altar_run_dry, minmay_tripent
D:3:      layout_loops_cross
D:4:      layout_rooms, led_sif_book, lemuel_doored_altar,
          nicolae_wu_jian_immortal_techniques, uniq_natasha, uniq_blork_the_orc,
          uniq_sigmund, uniq_ijyb
D:5:      layout_basic, interstate_on_off, uniq_grinder
D:6:      layout_layer_cave, lemuel_temple_firewalk_b,
          minmay_a_box_with_orc_wizards_in_it
D:7:      layout_cave_pools, grunt_temple_overflow_forces_of_nature,
          nicolae_vehumet_altar_sigil, nicolae_uskayaw_en_pointe,
          nicolae_ru_sacrificial_ziggurat, kennysheep_generic_room_14,
          uniq_menkaure
D:8:      nicolae_cairo_tiling_very_big, layout_rooms, uniq_joseph
D:9:      layout_basic, erik_lair_orcish_takeover, enter_bailey_4, uniq_erica,
          uniq_maggie, uniq_prince_ribbit1, uniq_erolcha
D:10:     kennysheep_blocky_room, layout_basic,
          mainiacjoe_overflow_small_starburst, bloody_trog, orc_0_dummy,
          grunt_potential
Temple:   nicolae_temple_ecumenical_triangle
Lair:1:   layout_regular_city, nicolae_lair_grazing_beasts
          [nicolae_sub_lair_graze_edge, nicolae_sub_lair_graze_edge,
          nicolae_sub_lair_graze_edge, nicolae_sub_lair_graze_edge],
          grunt_megastairs_4, lemuel_fruit_tree, serial_bayou_shore_b, uniq_grum

Skill      XL: |  1  2  3  4  5  6  7  8  9 10 11 12 13 |
---------------+----------------------------------------+-----
Fighting       | 1 2 3 4 5 7 9 10 | 10.7
Spellcasting   | 3 4 5 6 8 10 12 13 | 13.8
Shields        | 2 6 8 |  8.3
Dodging        | |  2.2
Stealth        | |  1.6

Action                   |  1- 3 |  4- 6 |  7- 9 | 10-12 | 13-15 || total
-------------------------+-------+-------+-------+-------+-------++-------
Melee: Unarmed           |     2 |     2 |       |       |       ||     4
       Short sword       |       |       |       |     3 |       ||     3
 Cast: Foxfire           |    57 |     1 |     3 |   106 |    36 ||   203
       Necrotise         |     7 |       |    14 |       |       ||    21
       Scorch            |       |    41 |   102 |   136 |    22 ||   301
       Flame Wave        |       |     4 |     7 |    10 |     2 ||    23
       Ensorcelled Hiber |       |     3 |       |     5 |       ||     8
       Conjure Flame     |       |     1 |       |       |       ||     1
       Call Canine Famil |       |       |     7 |    27 |     2 ||    36
       Inner Flame       |       |       |     1 |     1 |       ||     2
       Confusing Touch   |       |       |       |     1 |       ||     1
       Iskenderun's Batt |       |       |       |       |     8 ||     8
Evoke: Wand              |       |       |       |     1 |       ||     1
  Use: Potion            |       |     3 |       |     5 |       ||     8
       Scroll            |       |       |    12 |     8 |     3 ||    23
 Stab: Sleeping          |       |       |       |     1 |       ||     1
Armor: Robe              |     1 |     3 |     9 |     9 |     3 ||    25
Dodge: Dodged            |     8 |    33 |    44 |    45 |    11 ||   141
Block: Buckler           |       |       |       |    13 |     6 ||    19

Table legend: (Time is in decaauts)
 A = Elapsed time spent in this place.
 B = Non-inter-level travel time spent in this place.
 C = Inter-level travel time spent in this place.
 D = Time resting spent in this place.
 E = Time spent auto-exploring this place.
 F = Levels seen in this place.
 G = Mean time per level.
                   A        B        C        D        E       F      G
               +--------+--------+--------+--------+--------+-----+--------+
         Total |  15111 |  14767 |    344 |   7548 |   5006 |  13 | 1162.4 |
       Dungeon |  12960 |  12625 |    335 |   6261 |   4649 |  10 | 1296.0 |
        Temple |     14 |      7 |      7 |      0 |      0 |   1 |   14.0 |
          Lair |    402 |    402 |      0 |    169 |    141 |   1 |  402.0 |
        Bailey |   1733 |   1733 |      0 |   1118 |    216 |   1 | 1733.0 |
               +--------+--------+--------+--------+--------+-----+--------+

Top non-repeatable levels by time:
  Bailey: 1733 daAuts
     D:4: 1615 daAuts
     D:9: 1578 daAuts
     D:2: 1502 daAuts
    D:10: 1441 daAuts
     D:8: 1428 daAuts
     D:6: 1420 daAuts
     D:3: 1171 daAuts
     D:1: 1006 daAuts
     D:7: 939 daAuts
     D:5: 855 daAuts
  Lair:1: 402 daAuts
  Temple: 14 daAuts
